 Dungeon Crawl Stone Soup version 0.28-a0-178-ga708605c5b (webtiles) character file.

Game seed: 11067021391148297836

502 Spaninq the Archer (level 6, -2/37 HPs)
             Began as a Deep Elf Hunter on Aug 17, 2021.
             Slain by an orc (5 damage)
             ... on level 4 of the Dungeon.
             The game lasted 00:13:12 (5065 turns).

Spaninq the Archer (Deep Elf Hunter)                Turns: 5065, Time: 00:13:13

Health: -2/37      AC:  5    Str: 11    XL:     6   Next: 95%
Magic:  8/8        EV: 12    Int: 19    God:
Gold:   117        SH:  0    Dex: 15    Spells: 5/5 levels left

rFire   . . .      SeeInvis .   b - +1 whip (elec)
rCold   . . .      Faith    .   (no shield)
rNeg    . . .      Spirit   .   q - +0 ring mail
rPois   .          Reflect  .   t - +0 hat {Int+3}
rElec   .          Harm     .   (no cloak)
rCorr   .          Rampage  .   (no gloves)
Will    .....                   (no boots)
Stlth   +.........              (no amulet)
HPRegen 0.12/turn               (no ring)
MPRegen 0.11/turn               (no ring)

@: no status effects
A: no striking features
a: no special abilities


You were on level 4 of the Dungeon.
You visited 1 branch of the dungeon, and saw 4 of its levels.

You collected 117 gold pieces.

Inventory:

Hand Weapons
 a - a +1 shortbow
 b - a +1 whip of electrocution (weapon)
 f - a +0 rapier
Missiles
 d - 24 arrows
Armour
 q - a +0 ring mail (worn)
 t - a +0 hat of intelligence (worn)
Jewellery
 c - a ring of flight
 l - a ring of ice
 o - a ring of magical power
Scrolls
 h - 2 scrolls of fog {unknown}
 j - 2 scrolls of immolation {unknown}
 k - 5 scrolls of identify {unknown}
 p - a scroll of teleportation {unknown}
 s - a scroll of fear {unknown}
Potions
 e - a potion of flight {unknown}
 g - a potion of heal wounds {unknown}
 i - a potion of haste {unknown}
 m - 2 potions of might {unknown}
 n - a potion of curing {unknown}
 r - 2 potions of degeneration {unknown}


   Skills:
 + Level 3.1 Fighting
 + Level 1.9 Maces & Flails
 * Level 8.2 Bows
 + Level 4.5 Dodging
 - Level 1.2 Stealth


You had 5 spell levels left.
You didn't know any spells.
Your spell library was empty.

Dungeon Overview and Level Annotations

Branches:
Dungeon (4/15)
 Temple: D:4-7

Altars:
Trog
Uskayaw
Zin


Message History

You feel less confused.
You hear some strange, mumbled words.
A puff of flame appears from out of thin air!
The puff of flame misses you.
You hit something. Something hits you.
You miss something.
You hear some strange, mumbled words.
You are confused.
You bump into the rock wall.
Something hits you but does no damage.
You bump into the rock wall.
Something hits you.
You completely miss something.
You hear some strange, mumbled words.
A puff of flame appears from out of thin air!
The puff of flame misses you.
You bump into the rock wall.
You hear some strange, mumbled words.
A magic dart appears from out of thin air!
The magic dart hits you.
* * * LOW HITPOINT WARNING * * *
You barely miss something.
You bump into the rock wall.
You feel less confused.
You closely miss the orc.
You hear some strange, mumbled words.
Something tries to affect you, but you resist.
The orc closely misses you.
You barely miss the orc. Something hits you.
* * * LOW HITPOINT WARNING * * *
The orc closely misses you.
You barely miss something. Something hits you but does no damage.
The orc hits you but does no damage.
You closely miss something. Something hits you.
* * * LOW HITPOINT WARNING * * *
The orc misses you.
You hit something but do no damage. Something hits you but does no damage.
The orc barely misses you.
You hit something but do no damage. Lightning courses through something!!
Reactivating autopickup.
You feel a bit more experienced. The orc hits you with a +0 hand axe.
You die...

#.# #.# #.# #.# #.# ##.##
## .(( ... ..# # #(# #.#
#.# .#. #(# #.# ##.## #.#
#g# #.# ##...##
#.######o####)###.#.#.###
#.#....)@#.....†....<...#
#.....####.##.###.#.#.)..
###.###.####.##.#
##....###
#....##......##.####..)##
#.#.###.###.###.#.......#
### #†......# #.#
#..#.#..)##
..#####.###)#.# #.#
#.###...#.### #.##....#
#...###.# #..#.#####...
#.##.##.###.#)..#.# #.#.#
#.....#


You could see an orc and a goblin.

Vanquished Creatures
  A scorpion (D:3)
  A centaur zombie (D:4)
  A jelly (D:4)
  An orc priest (D:4)
  An iguana (D:3)
  Natasha (thrice) (D:2)
  4 orc wizards
  6 adders
  An adder skeleton (D:4)
  A worm (D:3)
  5 dart slugs
  15 orcs
  8 endoplasms
  4 giant cockroaches
  5 goblins
  4 hobgoblins
  7 jackals
  7 kobolds
  3 quokkas
  8 ball pythons
  4 bats
  4 frilled lizards
  8 rats
102 creatures vanquished.

Notes
Turn   | Place    | Note
-------+----------+-------------------------------------------
     0 | D:1      | Spaninq the Deep Elf Hunter began the quest for the Orb.
     0 | D:1      | Reached XP level 1. HP: 12/12 MP: 3/3
   183 | D:1      | Reached XP level 2. HP: 17/17 MP: 4/4
   268 | D:1      | Found a faded altar of an unknown god.
   347 | D:1      | You fall into a shaft and drop 1 floor!
   387 | D:2      | Reached skill level 6 in Bows
   671 | D:2      | Reached XP level 3. HP: 21/21 MP: 5/5
  1804 | D:2      | Reached XP level 4. HP: 24/26 MP: 6/6
  1891 | D:2      | Noticed Natasha
  1902 | D:2      | Killed Natasha
  2841 | D:2      | Noticed Natasha
  2845 | D:2      | Killed Natasha
  2856 | D:2      | Noticed Natasha
  2970 | D:2      | Killed Natasha
  2971 | D:2      | Reached XP level 5. HP: 25/31 MP: 7/7
  3027 | D:3      | Reached skill level 7 in Bows
  3038 | D:3      | Found a large runed translucent door.
  3038 | D:3      | Found a large runed translucent door.
  3055 | D:3      | Found a hide-covered altar of Uskayaw.
  3059 | D:3      | Reached skill level 1 in Maces & Flails
  3065 | D:3      | Found a glowing silver altar of Zin.
  3750 | D:3      | Reached XP level 6. HP: 36/36 MP: 8/8
  4007 | D:3      | Found a bloodstained altar of Trog.
  4683 | D:4      | Reached skill level 8 in Bows
  5065 | D:4      | Slain by an orc

Illustrated notes

Levels and vault maps discovered:
D:1:      dpeg_arrival_water_temple_mockup, layout_basic,
          chequers_ecumenical_altar_twisty
D:2:      layout_basic, uniq_natasha
D:3:      layout_basic, jmf_multi_god_temple2, lemuel_tele_altar
D:4:      layout_loops_ring

Skill      XL: |  1  2  3  4  5  6 |
---------------+-------------------+-----
Bows           | 6 7 8 |  8.2
Fighting       | 2 3 |  3.1
Dodging        | 3 4 |  4.5
Maces & Flails | 1 |  1.9
Stealth        | |  1.2

Action                   |  1- 3 |  4- 6 || total
-------------------------+-------+-------++-------
Melee: Short sword       |    11 |       ||    11
       Rapier            |    24 |       ||    24
       Whip              |    53 |   151 ||   204
 Fire: Shortbow          |    19 |    77 ||    96
 Stab: Sleeping          |     3 |       ||     3
Armor: Leather armour    |    25 |    24 ||    49
       Ring mail         |       |    27 ||    27
Dodge: Dodged            |    72 |    81 ||   153

Table legend: (Time is in decaauts)
 A = Elapsed time spent in this place.
 B = Non-inter-level travel time spent in this place.
 C = Inter-level travel time spent in this place.
 D = Time resting spent in this place.
 E = Time spent auto-exploring this place.
 F = Levels seen in this place.
 G = Mean time per level.
                   A        B        C        D        E       F      G
               +--------+--------+--------+--------+--------+-----+--------+
         Total |   5067 |   4966 |    101 |   1025 |   2907 |   4 | 1266.8 |
       Dungeon |   5067 |   4966 |    101 |   1025 |   2907 |   4 | 1266.8 |
               +--------+--------+--------+--------+--------+-----+--------+

Top non-repeatable levels by time:
     D:2: 2184 daAuts
     D:3: 1268 daAuts
     D:1: 941 daAuts
     D:4: 673 daAuts
